 Dungeon Crawl Stone Soup version 0.25.1-2-g60ff931df9 (webtiles) character file.

Game seed: 11735160070322629378

150 Curus the Chopper (level 5, 45/45 HPs)
             Began as a Minotaur Monk on Oct 25, 2020.
             Quit the game on level 3 of the Dungeon.
             The game lasted 00:07:23 (2739 turns).

Curus the Chopper (Minotaur Monk)                   Turns: 2739, Time: 00:07:23

Health: 45/45      AC:  8    Str: 16    XL:     5   Next: 10%
Magic:  4/4        EV:  7    Int:  7    God:
Gold:   115        SH:  0    Dex: 13    Spells: 4/4 levels left

rFire    . . .     SeeInvis .   a - +1 hand axe
rCold    . . .     Gourm    .   (no shield)
rNeg     . . .     Faith    .   n - +0 chain mail
rPois    .         Spirit   .   (helmet restricted)
rElec    .         Reflect  .   (no cloak)
rCorr    .         Harm     .   (no gloves)
MR       .....                  (no boots)
Stlth    ..........             (no amulet)
HPRegen  0.15/turn              m - ring of flight
MPRegen  0.09/turn              (no ring)

@: no status effects
A: retaliatory headbutt, horns 2
a: Evoke Flight


You were on level 3 of the Dungeon.
You were not hungry.

You visited 1 branch of the dungeon, and saw 3 of its levels.

You collected 115 gold pieces.

Inventory:

Hand Weapons
 a - a +1 hand axe (weapon)
Armour
 b - a +0 robe
 g - a +0 leather armour
 i - a +0 ring mail
 n - a +0 chain mail (worn)
Jewellery
 e - a cursed amulet of guardian spirit
 j - a cursed amulet of inaccuracy {unknown}
 m - a ring of flight (left hand)
Scrolls
 h - a scroll of identify
 l - 2 scrolls of teleportation
Potions
 f - a potion of curing
 k - 2 potions of haste
Comestibles
 c - 8 rations
 d - 7 chunks of flesh


   Skills:
 - Level 3.6 Fighting
 + Level 7.0 Axes
 - Level 3.2 Dodging
 - Level 1.5 Stealth


You had 4 spell levels left.
You didn't know any spells.
Your spell library was empty.

Dungeon Overview and Level Annotations

Branches:
Dungeon (3/15)

Altars:


Innate Abilities, Weirdness & Mutations

You reflexively headbutt those who attack you in melee.
You have a pair of horns on your head.


Message History

Okay, then.
Unknown command.
You butcher the orc corpse.
d - 5 chunks of flesh (gained 3)
You butcher the orc corpse.
d - 8 chunks of flesh (gained 3)
Items here: " ))) [ รทรท x2
You now have 115 gold pieces (gained 16).
Eating one of 8 chunks of flesh.
You eat one of the 8 chunks of flesh.
This raw flesh tastes terrible.
c - 8 rations (gained 1)
You see here a +0 club.
Things that are here:
a +0 club; a hobgoblin skeleton
o - a scroll labeled WYG ZYTSIBLA
As you read the scroll labeled WYG ZYTSIBLA, it crumbles to dust.
You feel blessed for a moment.
It was a scroll of remove curse.
An adder comes into view.
The adder hisses angrily.
Are you sure you want to abandon this character and quit the game? (Confirm with "yes".)

#>.# #.# ...# ...#
#.# .###.# ### ##
.## ####..# #...#.#
#...#.#
##.##.#######
+...........#
#@.##.#####.######
#.#.##.# #........
#.#.##.####..######
....##.......#
##S##########.# #.
#.# #. #.# #. #.#
..#


You could see an adder.

Vanquished Creatures
  Terence (D:3)
  A worker ant (D:2)
  2 adders (D:2)
  An ooze (D:1)
  3 worms (D:2)
  A dart slug (D:1)
  2 leopard geckos (D:1)
  5 orcs (D:3)
  A ball python (D:2)
  2 bats (D:2)
  2 giant cockroaches (D:1)
  10 goblins
  7 hobgoblins
  4 jackals (D:1)
  4 kobolds
  A quokka (D:3)
  3 frilled lizards (D:2)
  10 rats
60 creatures vanquished.

Notes
Turn   | Place    | Note
-------+----------+-------------------------------------------
     0 | D:1      | Curus the Minotaur Monk began the quest for the Orb.
     0 | D:1      | Reached XP level 1. HP: 19/19 MP: 0/0
    46 | D:1      | Reached skill level 4 in Axes
    90 | D:1      | Reached XP level 2. HP: 26/26 MP: 1/1
   488 | D:1      | Reached skill level 5 in Axes
   522 | D:1      | Reached XP level 3. HP: 20/31 MP: 2/2
  1609 | D:2      | Reached skill level 6 in Axes
  1609 | D:2      | Reached XP level 4. HP: 31/39 MP: 3/3
  2131 | D:2      | You fall into a shaft and drop 1 floor!
  2327 | D:3      | Noticed Terence
  2339 | D:3      | Killed Terence
  2514 | D:3      | Reached XP level 5. HP: 44/45 MP: 4/4
  2616 | D:3      | Reached skill level 7 in Axes
  2739 | D:3      | Quit the game

Illustrated notes

Levels and vault maps discovered:
D:1:      dpeg_arrival_shrine, layout_loops_ring
D:2:      layout_basic, kennysheep_generic_room_13
D:3:      layout_loops_ring, first_ration, roderic_serpentine_path, uniq_terence

Skill      XL: |  1  2  3  4  5 |
---------------+----------------+-----
Axes           | 4 5 6 7 |  7.0
Fighting       | |  3.6
Dodging        | |  3.2
Stealth        | |  1.5

Action                   |  1- 3 |  4- 6 || total
-------------------------+-------+-------++-------
Melee: Hand axe          |    99 |    62 ||   161
       Headbutt          |    14 |    13 ||    27
  Use: Scroll            |     7 |     1 ||     8
       Potion            |     1 |     1 ||     2
 Stab: Sleeping          |     1 |       ||     1
  Eat: Chunk             |     2 |     4 ||     6
Armor: Robe              |     3 |       ||     3
       Ring mail         |     3 |     7 ||    10
       Chain mail        |       |    12 ||    12
Dodge: Dodged            |    50 |    22 ||    72
